 Dungeon Crawl Stone Soup version 0.17-a0-1141-g3e25b61 (webtiles) character file.

512 ohyou the Ducker (level 7, -4/44 HPs)
             Began as a Tengu Monk on May 26, 2015.
             Slain by an orc priest
             ... wielding a +2 short sword of distortion
              (17 damage)
             ... on level 5 of the Dungeon.
             The game lasted 00:34:11 (5783 turns).

ohyou the Ducker (Tengu Monk)                       Turns: 5783, Time: 00:34:12

Health: -4/44      AC:  5    Str: 11    XL:     7   Next: 19%
Magic:  6/8        EV: 20    Int: 10    God:
Gold:   207        SH:  0    Dex: 19    Spells: 1 memorised, 3 levels left

rFire  . . .     SeeInvis .       - Unarmed
rCold  . . .     Clarity  .     a - +0 robe
rNeg   . . .     SustAt   .     (no shield)
rPois  .         Gourm    .     (helmet restricted)
rElec  .         Spirit   .     (no cloak)
rCorr  .         Warding  .     m - +2 pair of gloves
rMut   .         Stasis   .     (boots unavailable)
MR     .....                    (no amulet)
Stlth  ++........               (no ring)
                                (no ring)

@: flying quickly and evasively, quick, not resistant to hostile enchantments,
unstealthy
A: beak, talons 3, able to fly 1
a: no special abilities


You were on level 5 of the Dungeon.
You were hungry.

You visited 1 branch of the dungeon, and saw 5 of its levels.

You collected 207 gold pieces.

Inventory:

Armour
 a - a +0 robe (worn)
 m - a +2 pair of gloves (worn)
Jewellery
 o - an uncursed ring of stealth
Magical devices
 l - a wand of magic darts (13)
 q - a wand of confusion (7)
 v - a wand of polymorph (16)
Scrolls
 d - 2 scrolls of fog {unknown}
 h - a scroll of identify
 j - a scroll of enchant armour {unknown}
 k - a scroll of enchant weapon {unknown}
 n - a scroll of remove curse
 p - a scroll of amnesia {unknown}
 t - a scroll of teleportation {unknown}
Potions
 c - 2 potions of might {unknown}
 e - 2 potions of heal wounds {unknown}
 g - a potion of cure mutation {unknown}
 i - a potion of poison {unknown}
 r - 2 potions of resistance {unknown}
 s - a potion of brilliance {unknown}
Comestibles
 b - 4 bread rations
 u - a meat ration


   Skills:
 * Level 5.5 Fighting
 * Level 5.9 Dodging
 - Level 2.0 Stealth
 + Level 5.7 Unarmed Combat


You had 3 spell levels left.
You knew the following spells:

 Your Spells              Type           Power        Failure   Level  Hunger
a - Gell's Gravitas       Hex/Tloc       #.........   92%         3    ####...


Dungeon Overview and Level Annotations

Branches:
Dungeon (5/15)
 Temple: D:4-7

Altars:
Cheibriados
Dithmenos
Fedhas
Qazlal
Ru
Sif Muna
Vehumet

Annotations:
D:4 Ijyb, Pikel


Innate Abilities, Weirdness & Mutations

You have a beak for a mouth.
You have claws for feet.
You can fly.


Message History

You barely miss the orc priest.
You claw the orc priest, but do no damage.
The orc priest misses you.
You hit the orc priest. The orc priest misses you.
You barely miss the orc priest.
The orc priest hits you but does no damage.
Space warps horribly around you!
* * * LOW HITPOINT WARNING * * *
You take 14 damage, and have 5/44 hp.
MASSIVE DAMAGE!!
Drink which item? (? for menu, Esc to quit)
You feel better. The orc priest barely misses you.
An orc priest comes into view.
You regained 8 hp, and now have 13/44 hp.
You barely miss the orc priest.
The orc priest shouts!
You claw the orc priest, but do no damage.
The orc priest hits you but does no damage.
Space warps horribly around you!
You die...

#_....._#.#.#
##.....###..#####
#8...8# ##.†..$#
##.....###).#o#.###
#_(...._#..........
#.....####.#.#.##
#8...8 #.......#
##_## #o###.###
#######@# .#
#......# . ########
##


You could see 2 orc priests.

Vanquished Creatures
  A phantom (D:3)
  A scorpion (D:5)
  A hound (D:4)
  6 worker ants (D:4)
  2 orc wizards (D:4)
  Robin (D:1)
  5 adders
  A worm (D:4)
  3 giant geckos
  10 orcs
  4 giant cockroaches
  18 goblins
  7 hobgoblins
  2 jackals (D:3)
  2 quokkas
  3 ball pythons
  7 bats
  2 giant newts
  13 kobolds
  12 rats
101 creatures vanquished.

Vanquished Creatures (others)
  An adder (D:2)
  A goblin (D:2)
  A ball python (D:2)
  A giant newt (D:2)
4 creatures vanquished.

Grand Total: 105 creatures vanquished

Notes
Turn   | Place    | Note
--------------------------------------------------------------
     0 | D:1      | ohyou the Tengu Monk began the quest for the Orb.
     0 | D:1      | Reached XP level 1. HP: 14/14 MP: 2/2
   280 | D:1      | Reached XP level 2. HP: 12/19 MP: 3/3
  1118 | D:1      | Reached XP level 3. HP: 20/23 MP: 4/4
  1431 | D:2      | Found a radiant altar of Vehumet.
  2042 | D:2      | Noticed Robin
  2139 | D:2      | Reached XP level 4. HP: 25/29 MP: 5/5
  2229 | D:2      | Reached skill level 5 in Unarmed Combat
  2990 | D:3      | Noticed a phantom
  3238 | D:3      | Learned a level 3 spell: Gell's Gravitas
  4093 | D:1      | Killed Robin
  4175 | D:3      | Gained mutation: You can fly. [Tengu growth]
  4175 | D:3      | Reached XP level 5. HP: 33/33 MP: 6/6
  4636 | D:4      | Noticed an ogre
  4940 | D:4      | Reached skill level 5 in Dodging
  4940 | D:4      | Reached XP level 6. HP: 39/39 MP: 7/7
  5131 | D:4      | Reached skill level 5 in Fighting
  5165 | D:4      | Noticed Pikel
  5165 | D:4      | Noticed a slave
  5165 | D:4      | Noticed a slave
  5165 | D:4      | Noticed a slave
  5165 | D:4      | Noticed a slave
  5166 | D:4      | Noticed Ijyb
  5243 | D:3      | Killed a phantom
  5367 | D:4      | Found a snail-covered altar of Cheibriados.
  5451 | D:5      | Entered Level 5 of the Dungeon
  5461 | D:4      | Reached XP level 7. HP: 30/44 MP: 4/8
  5605 | D:5      | Found a stormy altar of Qazlal.
  5606 | D:5      | Found a deep blue altar of Sif Muna.
  5757 | D:5      | Found a shadowy altar of Dithmenos.
  5757 | D:5      | Found a sacrificial altar of Ru.
  5759 | D:5      | Found a blossoming altar of Fedhas.
  5783 | D:5      | Slain by an orc priest

Vault maps used:
D:1:      minmay_arrival_jagged
D:2:      fiery_altar_vehumet, st_stairs_9, uniq_robin
D:3:      minmay_misc_feat_columns, grunt_decor_one_mirror,
          minmay_tree_intersection
D:4:      kennysheep_the_goblin_king, cheibriados_altar_1, uniq_pikel
D:5:      nicolae_overflow_hidden_temple, lemuel_round_altar, first_bread

Action                   |  1- 3 |  4- 6 |  7- 9 || total
-------------------------+-------+-------+-------++-------
Melee: Unarmed           |   107 |   215 |    34 ||   356
 Abil: Fly               |       |    10 |     3 ||    13
  Use: Potion            |     1 |     1 |     2 ||     4
       Scroll            |       |     2 |       ||     2
 Stab: Sleeping          |     7 |     6 |     1 ||    14
  Eat: Chunk             |     4 |     9 |     1 ||    14
       Fruit             |       |     3 |       ||     3
